 Seeded DCSS version 0.29-a0-340-g6efceafd81 (webtiles) character file.

Game seed: 4576459317235309345 (custom seed)

318 zeratav the Zephyrmancer (level 6, -3/32 HPs)
             Began as a Tengu Air Elementalist on Apr 20, 2022.
             Slain by a vampire (6 damage)
             ... on level 5 of the Dungeon.
             The game lasted 00:09:04 (4434 turns).

zeratav the Zephyrmancer (Tengu Air Elementalist)   Turns: 4434, Time: 00:09:04

Health: -3/32      AC:  5    Str: 10    XL:     6   Next: 45%
Magic:  12/12      EV: 15    Int: 17    God:
Gold:   291        SH:  0    Dex: 17    Spells: 6/11 levels left

rFire   . . .      SeeInvis +   x - +5 war axe "Tutin" {vamp, rC- Str+2 Dex+2 SInv, axe}
rCold   x . .      Faith    .   (no shield)
rNeg    . . .      Spirit   .   d - +2 robe of the Wumpus {Archmagi}
rPois   .          Reflect  .   (helmet restricted)
rElec   .          Harm     .   (no cloak)
rCorr   .          Rampage  .   j - +0 pair of gloves
Will    .....      Archmagi +   (boots unavailable)
Stlth   ++........              (no amulet)
HPRegen 0.10/turn               (no ring)
MPRegen 0.13/turn               (no ring)

@: flying quickly and evasively, quick
A: beak, talons 3, nimble flight
a: no special abilities


You were on level 5 of the Dungeon.
You visited 1 branch of the dungeon, and saw 5 of its levels.

You collected 291 gold pieces.


Innate Abilities, Weirdness & Mutations

You have a beak for a mouth.
You have claws for feet.
Your magical nature lets you fly swiftly and evasively.


   Skills:
 - Level 2.1 Dodging
 - Level 2.0 Stealth
 + Level 3.3 Spellcasting
 - Level 1.3 Conjurations
 * Level 8.4 Air Magic


You had 6 spell levels left.
You knew the following spells:

 Your Spells              Type           Power      Damage    Failure   Level
a - Shock                 Conj/Air       100%       1d9       2%          1
b - Airstrike             Air            23%        N/A       5%          4

Your spell library contained the following spells:

 Spells                   Type           Power      Damage    Failure   Level
 Swiftness                Air            47%        N/A       1%          3
 Static Discharge         Conj/Air       29%        N/A       3%          2
 Magic Dart               Conj           44%        1d5       10%         1
 Mephitic Cloud           Conj/Pois/Air  20%        N/A       13%         3
 Searing Ray              Conj           22%        2d5       14%         2
 Animate Skeleton         Necr           8%         N/A       17%         1
 Pain                     Necr           16%        1d4       17%         1
 Call Imp                 Summ           4%         N/A       26%         2
 Tukima's Dance           Hex            4%         N/A       45%         3
 Vampiric Draining        Necr           4%         2d6       45%         3
 Fulminant Prism          Conj/Hex       3%         3d6       77%         4
 Passage of Golubria      Tloc           4%         N/A       86%         4
 Yara's Violent Unravell  Hex/Tmut       2%         3d3       99%         5

Inventory:

Hand Weapons
 u - the +6 spear "Qogarhust" {flame, Will+, polearm}
   (You found it on level 3 of the Dungeon)

   It burns those it strikes, dealing additional fire damage.
   Will:      It increases your willpower.
 x - the +5 war axe "Tutin" (weapon) {vamp, rC- Str+2 Dex+2 SInv, axe}
   (You found it on level 3 of the Dungeon)

   It occasionally heals its wielder for a portion of the damage dealt when it
   wounds a living foe.
   Str:       It affects your strength (+2).
   Dex:       It affects your dexterity (+2).
   rC:        It makes you vulnerable to cold.
   SInv:      It lets you see invisible.
Armour
 d - the +2 robe of the Wumpus (worn) {Archmagi}
   (You took it off a goblin on level 2 of the Dungeon)

   Archmagi:  It increases the power of your magical spells.
 h - a +0 buckler
   (You found it on level 1 of the Dungeon)
 j - a +0 pair of gloves (worn)
   (You found it on level 1 of the Dungeon)
 p - a +0 scale mail
   (You took it off a gnoll sergeant on level 5 of the Dungeon)
 r - a +0 ring mail
   (You found it on level 5 of the Dungeon)
Jewellery
 i - a ring of fire
   (You found it on level 1 of the Dungeon)
Scrolls
 f - 6 scrolls of identify {unknown}
 g - 2 scrolls of amnesia {unknown}
 k - a scroll of noise {unknown}
 l - a scroll of enchant weapon {unknown}
 n - 2 scrolls of blinking {unknown}
 q - 2 scrolls of teleportation {unknown}
 t - 3 scrolls of silence {unknown}
Potions
 a - a potion of degeneration {unknown}
 b - a potion of magic
 c - a potion of mutation {unknown}
 e - 3 potions of curing {unknown}
 m - a potion of cancellation {unknown}
 o - a potion of invisibility {unknown}
 s - a potion of heal wounds {unknown}
 z - a potion of haste {unknown}

Dungeon Overview and Level Annotations

Branches:
Dungeon (5/15)
 Temple: D:4-7

Altars:
Gozag
The Shining One

Annotations:
D:3 1 runed translucent door, Crazy Yiuf

..#.# #..# #######..... ..#.#
#..# #.....#)....
#.#.###..#############.....#.....
.....................'.....'.#..>
#.###.#..#############.....#.#...
.....................'.....+.....
..###.##.#############.....##....
### #.##.######.######...........
#.##........@....'...........
#.##########V#####........... ...
........# #........... #.#
######### ######...... ..#
#...... #...... #...... #......
#......


You could see a vampire (invisible).


Message History

The iguana hisses angrily.
MP[-1]
You lost 1 mp, and now have 9/11 mp.
You feel a surge of power!
The zap hits the iguana.
MP[-1]
You lost 1 mp, and now have 8/11 mp.
You feel a surge of power!
The zap hits the iguana.
You kill the iguana!
MP[-1]
You can't see any susceptible monsters within range! (Use Z to cast anyway.)
Found an escape hatch in the floor.
MP[+5]
Your mp is fully restored (12).
You now have 275 gold pieces (gained 17).
Found a stone staircase leading down.
You now have 291 gold pieces (gained 16).
A vampire comes into view.
Found an escape hatch in the ceiling.
Casting: Shock (safe; 2% risk of failure)
Confirm with . or Enter, or press ? or * to list all spells.
The spell is quite dangerous to miscast (5% risk of failure)!
Continue anyway?
Aiming: Airstrike (quite dangerous; 5% risk of failure)
Press: ? - help, Dir - move target, f - vampire
Aim: a vampire (dormant, empty space bonus: 5/8)
You feel a surge of power!
The air twists around and strikes the vampire!
MP[-4]
You lost 4 mp, and now have 8/12 mp.
Casting: Airstrike (quite dangerous; 5% risk of failure)
Confirm with . or Enter, or press ? or * to list all spells.
The spell is quite dangerous to miscast (5% risk of failure)!
Continue anyway? [Y]es or [N]o only, please.
The spell is quite dangerous to miscast (5% risk of failure)!
Continue anyway?
Aiming: Airstrike (quite dangerous; 5% risk of failure)
Press: ? - help, Dir - move target, f/p - vampire
Aim: a vampire (moderately damaged, empty space bonus: 6/8)
You feel a surge of power!
You miscast Airstrike.
You are very lightly contaminated with residual magic.
Nothing appears to happen.
The vampire casts a spell at you. You resist with almost no effort.
MP[-4]
You lost 4 mp, and now have 4/12 mp.
Casting: Airstrike (quite dangerous; 5% risk of failure)
Confirm with . or Enter, or press ? or * to list all spells.
The spell is quite dangerous to miscast (5% risk of failure)!
Continue anyway?
Aiming: Airstrike (quite dangerous; 5% risk of failure)
Press: ? - help, Dir - move target, f/p - vampire
Aim: a vampire (moderately damaged, empty space bonus: 6/8)
You feel a surge of power!
The air twists around and strikes the vampire!
MP[-4]
You lost 4 mp, and now have 0/12 mp.
The vampire gestures wildly while chanting.
The vampire flickers and vanishes!
Deactivating autopickup; reactivate with Ctrl-A.
MP[+1]
Your magical contamination has completely faded away.
MP[+1]
There is an open door here.
There is a stone staircase leading up here.
You fly upwards.
Reactivating autopickup.
There is a stone staircase leading down here.
MP[+1]
You start resting.
MP[+9]
Your mp is fully restored (12).
You fly downwards.
The vampire gestures wildly while chanting.
The vampire flickers and vanishes!
Deactivating autopickup; reactivate with Ctrl-A.
Something hits you! Something bites you!
* * * LOW HITPOINT WARNING * * *
Something draws strength from your injuries!
There is a stone staircase leading up, spattered with blood here.
HP[-16]
You take 16 damage, and now have 16/32 hp.
MASSIVE DAMAGE!! (PAUSE)
You hit something. You burn something. Something hits you but does no damage.
Something bites you.
* * * LOW HITPOINT WARNING * * *
Something draws strength from your injuries!
HP[-1]
You take 1 damage, and now have 15/32 hp.
You barely miss something. Something barely misses you.
Something bites you but does no damage.
HP[+1]
The +6 spear "Qogarhust" {flame, Will+, polearm} stops flaming.
Reactivating autopickup.
You feel stronger.
You feel agile.
You feel a sense of dread.
x - the +5 war axe "Tutin" (weapon)
{vamp, rC- Str+2 Dex+2 SInv, axe} You hit the vampire.
Your kick misses the vampire. The vampire hits you!
* * * LOW HITPOINT WARNING * * *
The vampire bites you.
* * * LOW HITPOINT WARNING * * *
The vampire draws strength from your injuries!
The vampire hits you.
You die...

Skill      XL: |  1  2  3  4  5 |
---------------+----------------+-----
Air Magic      | 5 6 7 8 |  8.4
Spellcasting   | 3 |  3.3
Dodging        | |  2.1
Stealth        | |  2.0
Conjurations   | |  1.3

Action                   |  1- 3 |  4- 6 || total
-------------------------+-------+-------++-------
Melee: Club              |     1 |       ||     1
       Peck              |     1 |       ||     1
       Spear             |     1 |     5 ||     6
       War axe           |       |     1 ||     1
 Cast: Shock             |    76 |    34 ||   110
       Airstrike         |       |     8 ||     8
Armor: Robe              |     2 |     2 ||     4
Dodge: Dodged            |     8 |     4 ||    12

Levels and vault maps discovered:
D:1:      ldierk_walled_garden_2, layout_loops_ring,
          chequers_serial_rivers_micro_a, minmay_bisected
D:2:      layout_basic, shapermc_ecumenical_altar_mp_ritualfount,
          minmay_heptomino_d4
D:3:      layout_basic, uniq_crazy_yiuf_cottage
D:4:      layout_cave_pods, jmf_multi_god_temple
D:5:      layout_basic, gammafunk_ghost_split, minmay_misc_feat_nine_boxes

Notes
Turn   | Place    | Note
-------+----------+-------------------------------------------
     0 | D:1      | zeratav the Tengu Air Elementalist began the quest for the
                  | Orb.
     0 | D:1      | Reached XP level 1. HP: 10/10 MP: 4/4
     0 | D:1      | magus.rc [v1.9.6]
   436 | D:1      | You add the spells Tukima's Dance, Passage of Golubria and
                  | Yara's Violent Unravelling to your library.
   505 | D:1      | Reached XP level 2. HP: 15/15 MP: 3/6
   638 | D:1      | Reached skill level 5 in Air Magic
  1095 | D:2      | Identified the +2 robe of the Wumpus {Archmagi}
  1127 | D:2      | You pick up a book of Minor Magic and begin reading...
  1127 | D:2      | You add the spells Magic Dart, Call Imp and Mephitic Cloud
                  | to your library.
  1148 | D:2      | You pick up a book of Necromancy and begin reading...
  1148 | D:2      | You add the spells Pain, Animate Skeleton and Vampiric
                  | Draining to your library.
  1161 | D:2      | Reached XP level 3. HP: 19/19 MP: 5/7
  1404 | D:2      | Found a faded altar of an unknown god.
  1856 | D:3      | Reached skill level 6 in Air Magic
  2041 | D:3      | Identified the +6 spear "Qogarhust" {flame, Will+}
  2478 | D:3      | Identified the +5 war axe "Tutin" {vamp, rC- Str+2 Dex+2
                  | SInv}
  2596 | D:3      | Found a runed translucent door.
  2597 | D:3      | Noticed Crazy Yiuf
  2641 | D:4      | Found a glowing golden altar of the Shining One.
  2666 | D:4      | Found an opulent altar of Gozag.
  2699 | D:4      | Reached XP level 4. HP: 24/24 MP: 0/8
  2785 | D:4      | Learned a level 4 spell: Airstrike
  2843 | D:4      | You pick up a book of Conjurations {@e2} and begin
                  | reading...
  2843 | D:4      | You add the spells Searing Ray and Fulminant Prism to your
                  | library.
  3257 | D:4      | Noticed a black bear
  3259 | D:4      | Killed a black bear
  3260 | D:4      | Reached skill level 7 in Air Magic
  3260 | D:4      | Gained mutation: Your magical nature lets you fly swiftly
                  | and evasively. [Tengu growth]
  3260 | D:4      | Reached XP level 5. HP: 28/28 MP: 0/10
  3475 | D:4      | magus.rc [v1.9.6]
  3835 | D:5      | Entered Level 5 of the Dungeon
  3931 | D:5      | Reached skill level 3 in Spellcasting
  3931 | D:5      | Reached skill level 8 in Air Magic
  3931 | D:5      | Reached XP level 6. HP: 23/32 MP: 1/11
  4334 | D:5      | Noticed a vampire
  4434 | D:5      | HP: 3/32 [vampire (6)]
  4434 | D:5      | Slain by a vampire

Vanquished Creatures
  A black bear (D:4)
  A gnoll sergeant (D:5)
  An iguana (D:5)
  3 gnolls (D:5)
  3 adders (D:4)
  2 ufetubi (D:4)
  A worm (D:4)
  2 dart slugs (D:4)
  3 orcs
  4 ball pythons
  6 endoplasms
  5 giant cockroaches
  5 goblins
  4 hobgoblins
  6 jackals
  A quokka (D:1)
  4 bats
  3 frilled lizards
  5 kobolds
  4 rats
64 creatures vanquished.

Vanquished Creatures (others)
  4 toadstools (D:1)
4 creatures vanquished.

Grand Total: 68 creatures vanquished

Table legend:
 A = Non-vault XP
 B = Vault XP
 C = Vault XP percentage of total XP
 D = Non-vault monster count
 E = Vault monster count
 F = Vault count percentage of total count
                 A         B        C        D         E       F
            +---------+---------+-------+---------+---------+-------
      Total |     443 |      12 |   2.6 |      56 |       8 |  12.5
            +---------+---------+-------+---------+---------+-------
        D:1 |      17 |       5 |  22.7 |      10 |       4 |  28.6
        D:2 |      23 |       3 |  11.5 |      13 |       2 |  13.3
        D:3 |      21 |       0 |   0.0 |      11 |       0 |   0.0
        D:4 |     207 |       4 |   1.9 |      15 |       2 |  11.8
        D:5 |     175 |       0 |   0.0 |       7 |       0 |   0.0
            +---------+---------+-------+---------+---------+-------

Illustrated notes

Table legend:
 A = Kills in this place as a percentage of kills in entire the game.
 B = Kills by you in this place as a percentage of kills by you in the entire game.
 C = Kills by friends in this place as a percentage of kills by friends in the entire game.
 D = Other kills in this place as a percentage of other kills in the entire game.
 E = Experience gained in this place as a percentage of experience gained in the entire game.
 F = Experience gained in this place divided by the number of levels of this place that you have seen.
                   A       B       C       D       E      F
               +-------+-------+-------+-------+-------+----------------------
         Total | 100.0 | 100.0 |   N/A |   N/A | 100.0 |  91.0
       Dungeon | 100.0 | 100.0 |   N/A |   N/A | 100.0 |  91.0
               +-------+-------+-------+-------+-------+----------------------

Table legend: (Time is in decaauts)
 A = Elapsed time spent in this place.
 B = Non-inter-level travel time spent in this place.
 C = Inter-level travel time spent in this place.
 D = Time resting spent in this place.
 E = Time spent auto-exploring this place.
 F = Levels seen in this place.
 G = Mean time per level.
                   A        B        C        D        E       F      G
               +--------+--------+--------+--------+--------+-----+--------+
         Total |   4379 |   4273 |    106 |    477 |   3412 |   5 |  875.8 |
       Dungeon |   4379 |   4273 |    106 |    477 |   3412 |   5 |  875.8 |
               +--------+--------+--------+--------+--------+-----+--------+

Top non-repeatable levels by time:
     D:4: 1411 daAuts
     D:3: 926 daAuts
     D:1: 900 daAuts
     D:2: 797 daAuts
     D:5: 344 daAuts
